 Dungeon Crawl Stone Soup version 0.23.2-1-ga50397a6bc (webtiles) character file.

Game seed: 8395080579013736979

335321 MachJacob the Executioner (level 21, 0/195 HPs)
             Began as a Hill Orc Fighter on May 8, 2019.
             Was the Champion of Beogh.
             Killed from afar by a deep elf high priest (37 damage)
             ... with damnation
             ... on level 3 of the Elven Halls on May 9, 2019.
             The game lasted 04:25:11 (61004 turns).

MachJacob the Executioner (Hill Orc Fighter)       Turns: 61004, Time: 04:25:11

Health: 0/195      AC: 37    Str: 23    XL:     21   Next: 86%
Magic:  29/29      EV: 13    Int:  8    God:    Beogh [******]
Gold:   4127       SH: 22    Dex: 19    Spells: 25/28 levels left

rFire    + + .     SeeInvis +   d - +4 broad axe (vamp)
rCold    + . .     Gourm    .   l - +0 large shield {rF+}
rNeg     + . .     Faith    .   M - +10 plate armour {rF+}
rPois    +         Spirit   .   s - +2 helmet {SInv}
rElec    .         Reflect  .   V - +0 cloak {rPois}
rCorr    .         Harm     .   N - +1 pair of gloves {Dex+3}
MR       ++++.     Clarity  +   k - +0 pair of boots
Stlth    ..........             t - amulet of the Four Winds {rN+ MR+++ Clar}
HPRegen  0.42/turn              C - ring of protection from cold
MPRegen  0.21/turn              a - +4 ring of protection

@: silence, corroded
A: walk on water
}: 2/15 runes: decaying, serpentine
a: Renounce Religion


You were on level 3 of the Elven Halls.
You worshipped Beogh.
Beogh was exalted by your worship.
You were not hungry.

You visited 8 branches of the dungeon, and saw 39 of its levels.
You also visited: Ice Cave and Wizlab.

You collected 4127 gold pieces.

Inventory:

Hand Weapons
 d - a +4 vampiric broad axe (weapon)
 U - a +3 broad axe of electrocution
Missiles
 e - 27 tomahawks (quivered)
Armour
 k - a +0 pair of boots (worn)
 l - a +0 large shield of fire resistance (worn)
 s - a +2 helmet of see invisible (worn)
 M - a +10 plate armour of fire resistance (worn)
 N - a +1 pair of gloves of dexterity (worn)
 V - a +0 cloak of poison resistance (worn)
 W - a scarf of cloud immunity
Jewellery
 a - a +4 ring of protection (right hand)
 j - an uncursed ring of resist corrosion
 p - an uncursed ring of poison resistance
 t - the amulet of the Four Winds (around neck) {rN+ MR+++ Clar}
   (You found it on level 2 of the Snake Pit)

   [amulet of nothing]

   It protects you from negative energy.
   It affects your resistance to hostile enchantments.
   It protects you against confusion.
 y - an uncursed ring of protection from magic
 C - a ring of protection from cold (left hand)
 L - an uncursed ring of positive energy
 O - a +1 ring of evasion {unknown}
 S - an uncursed ring of protection from fire
 X - the ring "Joxzoch" {rElec rN+ Str-2 Int+2 SInv}
   (You found it on level 2 of the Elven Halls)

   [ring of see invisible]

   It affects your strength (-2).
   It affects your intelligence (+2).
   It insulates you from electricity.
   It protects you from negative energy.
   It lets you see invisible.
Wands
 w - a wand of iceblast (39)
 B - a wand of clouds (4)
 F - a wand of acid (6)
 G - a wand of digging (13)
 H - a wand of paralysis (17)
Scrolls
 b - 10 scrolls of teleportation
 c - 4 scrolls of summoning
 i - a scroll of enchant armour
 n - 6 scrolls of immolation
 z - 10 scrolls of identify
 D - 3 scrolls of fear
 E - 4 scrolls of fog
 J - 5 scrolls of magic mapping
 P - 8 scrolls of remove curse
 R - 6 scrolls of blinking
Potions
 g - 6 potions of agility
 h - 2 potions of magic
 o - 3 potions of mutation
 q - 9 potions of curing
 r - 4 potions of might
 u - 2 potions of resistance
 v - 4 potions of invisibility
 x - 7 potions of haste
 A - 4 potions of ambrosia
 Q - a potion of cancellation
 T - 3 potions of flight
 Z - 4 potions of brilliance
Comestibles
 f - 36 rations


   Skills:
 + Level 18.4 Fighting
 + Level 23.3 Axes
 + Level 6.7 Throwing
 + Level 17.1 Armour
 + Level 10.4 Dodging
 * Level 18.1 Shields
 - Level 4.0 Spellcasting
 - Level 4.0 Hexes
 - Level 5.0 Charms
 - Level 11.1 Invocations


You had 25 spell levels left.
You knew the following spells:

 Your Spells              Type           Power        Failure   Level  Hunger
a - Confusing Touch       Hex            #.....       69%         1    #......
b - Song of Slaying       Chrm           #.......     69%         2    ###....

Your spell library contained the following spells:

 Spells                   Type           Power        Failure   Level  Hunger
 Infusion                 Chrm           #...         54%         1    #......
 Corona                   Hex            #......      69%         1    #......
 Spectral Weapon          Hex/Chrm       #.......     94%         3    ###....
 Shroud of Golubria       Chrm/Tloc      #.........   95%         2    ###....
 Confuse                  Hex            #.......     96%         3    ###....
 Tukima's Dance           Hex            #.......     96%         3    ###....
 Ensorcelled Hibernation  Hex/Ice        #.....       98%         2    ###....
 Animate Skeleton         Necr           N/A          99%         1    #......
 Apportation              Tloc           #.....       99%         1    #......
 Sandblast                Erth           #.....       99%         1    #......
 Sting                    Conj/Pois      #...         99%         1    #......
 Summon Butterflies       Summ           #.......     99%         1    #......
 Summon Small Mammal      Summ           #...         99%         1    #......
 Regeneration             Chrm/Necr      #.........   99%         3    ###....
 Call Imp                 Summ           #.......     100%        2    ###....
 Passwall                 Tmut/Erth      #.......     100%        2    ###....
 Poisonous Vapours        Pois/Air       #.....       100%        2    ###....
 Call Canine Familiar     Summ           #.......     100%        3    ###....
 Conjure Flame            Conj/Fire      #.......     100%        3    ###....
 Dazzling Spray           Conj/Hex       #.....       100%        3    ###....
 Gell's Gravitas          Tloc           #.........   100%        3    ###....
 Lesser Beckoning         Tloc           #.........   100%        3    ###....
 Mephitic Cloud           Conj/Pois/Air  #.......     100%        3    ###....
 Stone Arrow              Conj/Erth      #.....       100%        3    ###....
 Summon Guardian Golem    Hex/Summ       #.......     100%        3    ###....
 Cause Fear               Hex            #.........   100%        4    #####..
 Ice Form                 Ice/Tmut       #.......     100%        4    #####..
 Iskenderun's Mystic Bla  Conj           #.......     100%        4    #####..
 Olgreb's Toxic Radiance  Pois           #.......     100%        4    #####..
 Petrify                  Tmut/Erth      #.......     100%        4    #####..
 Summon Ice Beast         Ice/Summ       #.......     100%        4    #####..
 Summon Lightning Spire   Summ/Air       #.......     100%        4    #####..
 Throw Icicle             Conj/Ice       #.......     100%        4    #####..
 Alistair's Intoxication  Tmut/Pois      #.......     100%        5    ######.
 Lee's Rapid Deconstruct  Erth           #.........   100%        5    ######.
 Metabolic Englaciation   Hex/Ice        #.........   100%        5    ######.
 Silence                  Hex/Air        #.........   100%        5    ######.
 Summon Mana Viper        Hex/Summ       #.......     100%        5    ######.
 Venom Bolt               Conj/Pois      #.........   100%        5    ######.
 Yara's Violent Unravell  Hex/Tmut       #.........   100%        5    ######.
 Bolt of Cold             Conj/Ice       #.........   100%        6    #######
 Conjure Ball Lightning   Conj/Air       #.........   100%        6    #######
 Deflect Missiles         Chrm/Air       #.........   100%        6    #######
 Freezing Cloud           Conj/Ice/Air   #.........   100%        6    #######
 Invisibility             Hex            #.......     100%        6    #######
 Ozocubu's Refrigeration  Ice            #.........   100%        6    #######
 Simulacrum               Ice/Necr       #.........   100%        6    #######
 Ring of Flames           Chrm/Fire      #.........   100%        7    #######
 Summon Hydra             Summ           #.........   100%        7    #######
 Discord                  Hex            #.........   100%        8    #######
 Tornado                  Air            #.........   100%        9    #######


Dungeon Overview and Level Annotations

Branches:
Dungeon (15/15)            Temple (1/1) D:5            Lair (6/6) D:8
  Swamp (4/4) Lair:3        Snake (4/4) Lair:2        Slime (0/5) Lair:5
    Orc (2/2) D:10            Elf (3/3) Orc:2        Vaults (4/5) D:14
  Crypt (0/3) Vaults:3     Depths (0/5) D:15

Altars:
Ashenzari
Cheibriados
Dithmenos
Elyvilon
Fedhas
Gozag
Hepliaklqana
Kikubaaqudgha
Makhleb
Nemelex Xobeh
Okawaru
Qazlal
Ru
Sif Muna
Trog
Uskayaw
Vehumet
Wu Jian
Xom
Yredelemnul
Zin
The Shining One
Beogh

Shops:
D:6 :   D:7 (   D:8 :   Orc:2 *[(   Snake:1 [   Snake:2 (   Vaults:3 }

Portals:
Trove: D:13 (lose all piety)

Annotations:
Lair:1 exclusion: 2 oklob plants
Lair:2 exclusion: oklob plant
Lair:5 exclusion: oklob plant
Lair:6 exclusion: oklob plant
Swamp:2 Nikola
Snake:4 2 transporters, nago's ghost, adept VSIE
Elf:2 5 runed translucent doors
Elf:3 exclusion: Roxanne, Roxanne


Message History

Your orc knight dies!
The bolt of negative energy hits your orc knight!!!
Your orc knight is drained!
Your orc knight dies!
The bolt of negative energy hits the crawling corpse.
The crawling corpse completely resists.
The deep elf elementalist points at you and mumbles some strange words. 3 crawling corpses come into view.
You feel much better.
Milork is no longer moving slowly.
The sixfirhy hits Ogrik.
The sixfirhy shocks Ogrik!
The sixfirhy hits Ogrik!
The sixfirhy shocks Ogrik!
The sixfirhy hits Ogrik but does no damage.
The deep elf elementalist casts a spell at the deep elf blademaster.
Some walls begin to move on their own!
Dorog hits the crawling corpse with a +1 antimagic halberd!!!
The crawling corpse is destroyed!
The deep elf high priest calls down the wrath of its god upon you.
The sphere of damnation explodes!
The damnation engulfs you!!!
You die...

#o# #.# #o# #.#
#o####.#####o###.#
#####o.........ooooo.#
....#o####.###o#######
....#o# #.# #..##
o...o.# #.# #.#.#
####### ### ##..# #.#
#@# ##.## ##xx)##
##.ee.x## #oX))oo.#
#3.).o)))e#


#2ee.eeo§§ee# #x..e.1#§)e...# #....1.###...... You could see a deep elf
blademaster, a Brimstone Fiend, 2 deep elf annihilators, 2 deep elf death magi,
a blizzard demon, a deep elf sorcerer, 2 deep elf elementalists, a deep elf
demonologist, 2 deep elf high priests, a large abomination, a sixfirhy, 4
crawling corpses, the friendly Okrist the orc warlord, the friendly Borgoth the
orc knight, the friendly Dorog the orc knight, the friendly Milork the orc
knight and the friendly Ogrik the orc knight.

Vanquished Creatures
  Mennas (Vaults:3)
  Vashnia (Snake:2)
  A lich (Vaults:2)
  2 tentacled monstrosities
  Rupert (D:15)
  A thorn hunter (Swamp:4)
  10 nagarajas
  A frost giant (Vaults:4)
  2 deep elf sorcerers
  Louise (Swamp:2)
  A deep elf elementalist (Elf:3)
  14 vault wardens
  2 stone giants
  10 ironheart preservers
  A very ugly thing (Vaults:3)
  A deep elf demonologist (Vaults:1)
  An ettin (Vaults:4)
  2 blizzard demons (IceCv)
  A deep elf high priest (Elf:3)
  4 fire dragons
  7 yaktaur captains
  A ghost crab (Swamp:3)
  13 naga warriors
  3 great orbs of eyes
  25 hydras
  A rakshasa (Vaults:1)
  5 vault guards
  5 ice dragons
  7 centaur warriors
  17 two-headed ogres
  16 anacondas
  2 shambling mangroves
  7 ogre magi
  7 alligators
  A tengu warrior (D:11)
  Urug (Orc:2)
  12 dancing weapons
  19 naga sharpshooters
  7 shock serpents
  8 deep elf knights
  Nergalle (Orc:2)
  A skeletal warrior (D:12)
  A salamander mystic (Snake:2)
  A flayed ghost (Vaults:4)
  An unseen horror (shapeshifter) (Vaults:4)
  7 deep trolls
  2 unseen horrors
  4 shadow wraiths
  An entropy weaver zombie (Vaults:2)
  5 wizards
  4 orc knights
  2 deep elf archers
  A lindwurm (shapeshifter) (Vaults:2)
  11 swamp dragons
  2 spriggan druids (Swamp:4)
  A glowing orange brain (Vaults:4)
  A phantasmal warrior (D:13)
  9 ironbrand convokers
  12 naga ritualists
  32 deep elf magi
  3 necromancers
  2 harpies (Vaults:3)
  An orc sorcerer (Vaults:1)
  16 ugly things
  2 manticores
  16 mana vipers
  3 cyclopes
  4 salamanders
  2 wolf spiders
  A frost giant zombie (Vaults:2)
  A frost giant skeleton (Vaults:4)
  3 centaur zombies
  38 black mambas
  9 elephants
  9 vault sentinels
  An ice statue (IceCv)
  7 naga magi
  2 torpor snails
  7 guardian serpents
  3 gargoyles
  7 spiny frogs
  A rime drake (shapeshifter) (D:15)
  A redback zombie (D:15)
  A centaur skeleton (D:14)
  2 anaconda simulacra (IceCv)
  8 freezing wraiths
  4 ice devils (IceCv)
  A golden dragon simulacrum (IceCv)
  40 yaktaurs
  5 komodo dragons
  2 rime drakes (Lair:6)
  2 jumping spiders (shapeshifter)
  A tengu conjurer (D:13)
  8 trolls
  5 tyrant leeches
  A human skeleton (Vaults:4)
  16 hornets
  27 slime creatures
  Grinder (D:4)
  A wolf spider simulacrum (IceCv)
  9 dream sheep
  6 blink frogs
  3 hippogriffs
  An air elemental (Elf:2)
  A frost giant simulacrum (Vaults:2)
  4 bog bodies
  4 shadows
  6 wraiths
  11 spriggans
  4 hogs (D:7)
  4 water elementals
  4 fire elementals
  26 yaks
  A dire elephant simulacrum (IceCv)
  A human (D:7)
  3 basilisks
  A vampire (D:9)
  A fire bat (Lair:1)
  A golden eye (shapeshifter) (Vaults:3)
  A yaktaur simulacrum (Vaults:2)
  A hog (shapeshifter) (Vaults:4)
  A hungry ghost (D:7)
  6 vampire mosquitoes
  2 death yak simulacra (IceCv)
  5 harpy simulacra
  8 insubstantial wisps
  2 wargs
  2 iron troll simulacra (IceCv)
  Edmund (D:5)
  17 swamp worms
  2 hydra simulacra (IceCv)
  49 nagas
  A soldier ant (shapeshifter) (Vaults:3)
  10 water moccasins
  3 porcupines
  A hornet zombie (D:14)
  An ettin simulacrum (IceCv)
  12 orc warriors
  4 ice beasts
  A black bear (Lair:2)
  An elf zombie (Vaults:4)
  6 sky beasts
  A human zombie (Vaults:2)
  11 swamp drakes
  An alligator simulacrum (IceCv)
  30 ogres
  2 phantoms
  37 wolves
  14 centaurs
  6 crocodiles
  A big kobold (D:10)
  11 bullfrogs
  2 earth elementals
  A wyvern zombie (D:8)
  A wyvern skeleton (D:10)
  A water moccasin skeleton (D:6)
  5 scorpions
  6 killer bees (D:13)
  An elephant simulacrum (IceCv)
  9 wights
  5 electric eels
  5 howler monkeys
  A crimson imp (D:8)
  9 jellies
  2 draconian simulacra (IceCv)
  5 hounds
  Crazy Yiuf (D:7)
  A bullfrog zombie (D:8)
  10 orc priests
  A gnoll shaman (D:8)
  8 worker ants
  An iguana (D:6)
  10 orc wizards
  A wolf simulacrum (IceCv)
  3 centaur simulacra (IceCv)
  A hound zombie (D:7)
  2 mummies
  A worker ant zombie (D:11)
  7 gnolls
  10 adders
  A naga simulacrum (IceCv)
  An ogre simulacrum (IceCv)
  10 white imps (IceCv)
  9 ufetubi (IceCv)
  5 oozes
  2 adder skeletons
  3 worms
  A dart slug (D:1)
  5 leopard geckos
  25 orcs
  3 ball pythons
  9 bats
  8 giant cockroaches
  7 hobgoblins
  15 jackals
  3 quokkas
  6 frilled lizards
  5 goblins
  A hobgoblin zombie (D:6)
  A jackal skeleton (D:8)
  18 kobolds
  3 kobold zombies
  2 orc zombies (D:7)
  A quokka skeleton (D:6)
  5 rats
  12 fungi
  6 plants
1204 creatures vanquished.

Vanquished Creatures (collateral kills)
  Saint Roka (Vaults:4)
  Jory (Vaults:3)
  A tentacled monstrosity (Vaults:4)
  A deep elf blademaster (Elf:3)
  A deep elf master archer (Elf:3)
  Donald (Vaults:3)
  3 nagarajas
  2 vault wardens (Vaults:4)
  5 deep elf sorcerers
  Aizul (Snake:1)
  An orc warlord (Orc:2)
  2 ironheart preservers (Vaults:4)
  A stone giant (Vaults:4)
  An entropy weaver (Vaults:3)
  2 deep elf demonologists (Elf:3)
  A deep elf annihilator (Elf:3)
  A deep elf death mage (Elf:3)
  An ettin (Vaults:4)
  2 fire dragons (Vaults:3)
  A yaktaur captain (Vaults:4)
  5 ogre magi
  6 naga warriors
  4 vault guards
  A centaur warrior (Vaults:4)
  A catoblepas (Lair:2)
  2 hydras (Swamp:4)
  3 death knights
  2 alligators
  A tengu warrior (D:13)
  4 dancing weapons
  An anaconda (Lair:6)
  An orc high priest (Orc:2)
  16 two-headed ogres
  5 naga sharpshooters (Snake:2)
  2 shock serpents (Snake:3)
  2 deep elf knights
  A skeletal warrior (D:15)
  A storm dragon skeleton (Vaults:4)
  2 deep trolls
  A flayed ghost (Vaults:4)
  3 deep elf archers
  A wizard (D:15)
  2 naga ritualists
  5 ironbrand convokers
  A tengu zombie (Vaults:4)
  A phantasmal warrior (D:15)
  4 orc knights
  An orb spider (shapeshifter) (Elf:3)
  7 ugly things
  A harpy (Vaults:3)
  A wolf spider (Vaults:4)
  16 deep elf magi
  2 salamanders (Snake:2)
  2 cyclopes
  2 centaur zombies (D:15)
  A guardian serpent (Snake:4)
  An elephant (Lair:6)
  3 vault sentinels
  7 black mambas
  A naga mage (Snake:4)
  2 rime drakes
  A centaur skeleton (D:15)
  A freezing wraith (D:13)
  7 yaktaurs
  3 komodo dragons
  A queen bee (shapeshifter) (D:13)
  5 trolls
  A tyrant leech (Swamp:4)
  10 blink frogs
  A bog body (Swamp:4)
  A human simulacrum (Vaults:3)
  A slime creature (D:12)
  2 dream sheep (Lair:5)
  A centaur simulacrum (D:15)
  A shadow (D:11)
  6 yaks
  2 basilisks (Lair:6)
  5 wraiths
  An insubstantial wisp (Lair:3)
  4 nagas
  An iron troll simulacrum (IceCv)
  A swamp worm (Swamp:4)
  A porcupine (Lair:2)
  A water moccasin (Lair:2)
  3 swamp drakes (Swamp:4)
  6 orc warriors
  An ettin simulacrum (IceCv)
  An ice beast (D:13)
  14 ogres
  5 wolves
  A crocodile (D:15)
  4 centaurs
  A hornet simulacrum (D:15)
  2 crimson imps
  A jelly (Lair:5)
  3 orc priests
  3 orc wizards
  A worker ant (D:11)
  A troll simulacrum (IceCv)
  5 orcs
  6 crawling corpses (Elf:3)
  4 plants
275 creatures vanquished.

Vanquished Creatures (others)
  An orc warlord (Elf:3)
  6 orc sorcerers
  An ogre mage (Vaults:2)
  16 orc knights
  A deep elf knight (Vaults:1)
  28 orc warriors
  A mana viper (Snake:2)
  17 orc priests
  A naga (Snake:4)
  An ogre (Vaults:2)
  21 orc wizards
  38 orcs
  2 white imps (IceCv)
  An ufetubus (IceCv)
  A crawling corpse (Elf:3)
  4 fungi
  6 plants
146 creatures vanquished.

Grand Total: 1625 creatures vanquished

Notes
Turn   | Place    | Note
-------+----------+-------------------------------------------
     0 | D:1      | MachJacob the Hill Orc Fighter began the quest for the Orb.
     0 | D:1      | Reached XP level 1. HP: 19/19 MP: 1/1
   250 | D:1      | Reached skill level 3 in Axes
   250 | D:1      | Reached XP level 2. HP: 27/27 MP: 2/2
   717 | D:1      | Reached XP level 3. HP: 31/33 MP: 3/3
  1773 | D:2      | Reached skill level 4 in Axes
  1877 | D:2      | Reached XP level 4. HP: 40/40 MP: 4/4
  2044 | D:2      | Found a sparkling altar of Nemelex Xobeh.
  2104 | D:2      | Found a bloodstained altar of Trog.
  2109 | D:2      | Found a shimmering altar of Xom.
  2113 | D:2      | Found a basalt altar of Yredelemnul.
  2113 | D:2      | Found a white marble altar of Elyvilon.
  2290 | D:2      | Found an opulent altar of Gozag.
  2693 | D:2      | Found an opulent altar of Gozag.
  2807 | D:2      | Found a radiant altar of Vehumet.
  3010 | D:3      | Reached XP level 5. HP: 44/47 MP: 5/5
  3515 | D:3      | Reached skill level 5 in Axes
  3797 | D:4      | Noticed Grinder
  4014 | D:4      | Reached XP level 6. HP: 46/53 MP: 6/6
  4357 | D:4      | Found a shadowy altar of Dithmenos.
  5055 | D:4      | Killed Grinder
  5055 | D:4      | Reached skill level 5 in Fighting
  5055 | D:4      | Reached skill level 6 in Axes
  5055 | D:4      | Reached skill level 5 in Armour
  5055 | D:4      | Reached XP level 7. HP: 7/61 MP: 7/7
  5381 | D:4      | You fall through a shaft for 3 floors!
  5464 | D:7      | Reached skill level 7 in Axes
  5719 | D:5      | Entered Level 5 of the Dungeon
  5719 | D:5      | Found a staircase to the Ecumenical Temple.
  5744 | D:5      | Reached skill level 5 in Shields
  5757 | Temple   | Entered the Ecumenical Temple
  6402 | D:5      | Noticed Edmund
  6416 | D:5      | Killed Edmund
  6555 | D:5      | Reached XP level 8. HP: 70/70 MP: 8/8
  6793 | D:5      | Reached skill level 8 in Axes
  6889 | D:5      | Found a white marble altar of Elyvilon.
  7113 | D:5      | Became a worshipper of Elyvilon the Healer
  7264 | D:6      | Found Resoxab's Book Shop.
  7706 | D:7      | Learned a level 1 spell: Confusing Touch
  7709 | D:7      | Learned a level 2 spell: Song of Slaying
  7766 | D:7      | Reached skill level 9 in Axes
  7808 | D:7      | Reached skill level 1 in Spellcasting
  8258 | D:7      | Reached * piety under Elyvilon
  8270 | D:7      | Found a runed translucent door.
  8271 | D:7      | Noticed Crazy Yiuf
  8311 | D:7      | Reached XP level 9. HP: 75/78 MP: 10/10
  8337 | D:7      | Reached skill level 10 in Axes
  8534 | D:7      | Fell from the grace of Elyvilon
  8534 | D:7      | Became a worshipper of Beogh the Brigand
  8540 | D:7      | Found Siepnute's Antique Weapon Shop.
  9044 | D:8      | Found Leesmonovo's Book Emporium.
  9182 | D:8      | Found a staircase to the Lair.
  9292 | D:8      | Reached skill level 1 in Hexes
  9590 | D:8      | Noticed a two-headed ogre
 10324 | D:10     | Entered Level 10 of the Dungeon
 10420 | D:10     | Reached * piety under Beogh
 10613 | D:10     | Noticed a troll
 10645 | D:10     | Reached skill level 11 in Axes
 10645 | D:10     | Reached XP level 10. HP: 46/88 MP: 13/13
 11579 | D:10     | Paralysed by a hornet for 2 turns
 11875 | D:10     | Found a staircase to the Orcish Mines.
 12238 | D:10     | Reached skill level 12 in Axes
 12276 | D:10     | Reached ** piety under Beogh
 12527 | D:10     | Noticed a two-headed ogre
 13249 | D:10     | Was forgiven by Elyvilon
 13991 | D:11     | Reached XP level 11. HP: 97/97 MP: 14/14
 14000 | D:10     | Reached skill level 1 in Invocations
 14170 | D:11     | Reached *** piety under Beogh
 14330 | D:11     | Noticed a two-headed ogre
 14434 | Lair:1   | Entered Level 1 of the Lair of Beasts
 15104 | Lair:1   | Noticed a seven-headed hydra
 15104 | Lair:1   | Noticed Sonja
 15105 | Lair:1   | Noticed a six-headed hydra
 15106 | Lair:1   | Noticed Sonja
 15106 | Lair:1   | Sonja changed into Sonja the fire bat
 15424 | Lair:1   | Killed a one-headed hydra
 15424 | Lair:1   | Reached skill level 10 in Fighting
 15433 | Lair:1   | Killed a one-headed hydra
 15593 | Lair:1   | You fall through a shaft!
 15593 | Lair:2   | Found a staircase to the Snake Pit.
 15614 | Lair:2   | Reached skill level 5 in Invocations
 16094 | Lair:2   | Noticed a six-headed hydra
 16109 | Lair:2   | Killed a one-headed hydra
 16109 | Lair:2   | Gained Spirok as an ally
 16290 | Lair:2   | Reached XP level 12. HP: 104/108 MP: 16/16
 16420 | Lair:2   | Reached skill level 10 in Armour
 16605 | Lair:2   | Reached skill level 10 in Shields
 16857 | Lair:2   | Noticed a catoblepas
 16870 | Lair:2   | Killed a catoblepas
 17445 | Lair:1   | Killed Sonja the fire bat
 17815 | Lair:3   | Found a staircase to the Swamp.
 17931 | Lair:3   | Found a radiant altar of Vehumet.
 18072 | Lair:3   | Your ally Spirok died
 18084 | Lair:3   | Reached **** piety under Beogh
 20340 | Lair:4   | Reached XP level 13. HP: 118/118 MP: 19/19
 20606 | Lair:4   | Gained Horkud as an ally
 20606 | Lair:4   | Reached skill level 1 in Charms
 20937 | Lair:5   | Reached skill level 13 in Axes
 21018 | Lair:5   | Found a blossoming altar of Fedhas.
 21151 | Lair:5   | Reached ***** piety under Beogh
 21283 | Lair:5   | Found a staircase to the Slime Pits.
 21781 | Lair:6   | Entered Level 6 of the Lair of Beasts
 22605 | Lair:6   | Reached skill level 10 in Invocations
 22764 | Lair:6   | Reached skill level 14 in Axes
 23539 | Lair:6   | Noticed a dire elephant
 23539 | Lair:6   | Noticed a dire elephant
 23549 | Lair:6   | Noticed a dire elephant
 23551 | Lair:6   | Your ally Horkud died
 23609 | Lair:6   | Noticed a dire elephant
 23901 | Lair:6   | Noticed a dire elephant
 24700 | Orc:1    | Entered Level 1 of the Orcish Mines
 24700 | Orc:1    | Noticed a stone giant
 24720 | Orc:1    | Killed a stone giant
 24944 | Orc:1    | Reached XP level 14. HP: 120/127 MP: 21/21
 24964 | Orc:1    | Identified a scroll of acquirement
 25540 | Orc:2    | Entered Level 2 of the Orcish Mines
 25576 | Orc:2    | Noticed Nergalle
 25576 | Orc:2    | Noticed an orc warlord
 25583 | Orc:2    | Noticed Urug
 25739 | Orc:2    | Found a staircase to the Elven Halls.
 26096 | Orc:2    | Found a roughly hewn altar of Beogh.
 26119 | Orc:2    | Found Puco's Antique Weapon Shop.
 26267 | Orc:2    | Killed Nergalle
 26289 | Orc:2    | Killed Urug
 26333 | Orc:2    | Gained Olfik as an ally
 26339 | Orc:2    | Killed an orc warlord
 26341 | Orc:2    | Your ally Olfik died
 26912 | Orc:2    | Found Plog's General Store.
 27055 | Orc:2    | Found Sezamp's Jewellery Shop.
 27069 | Orc:2    | Found Dacex's Antique Armour Shop.
 29007 | D:13     | Found a portal to a secret trove of treasure.
 29201 | D:13     | Reached skill level 15 in Axes
 29226 | D:13     | Gained Korbok as an ally
 29254 | D:13     | Your ally Korbok died
 30574 | D:14     | Found a gate to the Vaults.
 31026 | D:14     | Reached skill level 1 in Dodging
 31730 | D:15     | Entered Level 15 of the Dungeon
 31750 | D:14     | Gained Oreg as an ally
 32305 | D:15     | Reached XP level 15. HP: 122/136 MP: 23/23
 32548 | D:15     | Reached skill level 5 in Charms
 33074 | D:15     | Found a staircase to the Depths.
 33082 | D:15     | Reached skill level 16 in Axes
 33275 | D:15     | Noticed Rupert
 33282 | D:15     | Paralysed by Rupert for 3 turns
 33297 | D:15     | Killed Rupert
 33939 | D:7      | Killed Crazy Yiuf
 34131 | Swamp:1  | Entered Level 1 of the Swamp
 34626 | Swamp:1  | Gained Ognian as an ally
 34857 | Swamp:1  | Noticed a tentacled monstrosity
 34923 | Swamp:1  | Killed a tentacled monstrosity
 35592 | Swamp:1  | Reached skill level 17 in Axes
 35981 | Swamp:2  | Reached ****** piety under Beogh
 35986 | Swamp:2  | Found a frozen archway.
 35992 | IceCv    | Entered an ice cave
 36402 | IceCv    | Gained Bogmar as an ally
 36423 | IceCv    | Gained Olfrun as an ally
 36707 | IceCv    | Reached XP level 16. HP: 114/146 MP: 24/24
 36780 | IceCv    | Your ally Bogmar died
 36981 | IceCv    | Your ally Olfrun died
 37350 | IceCv    | Got a pair of ichor-stained boots
 37351 | IceCv    | Identified the +0 pair of boots of the Rose {MP+9} (You
                  | found it in an ice cave)
 37771 | Swamp:2  | Noticed Louise
 37817 | Swamp:2  | Killed Louise
 38172 | Swamp:2  | Noticed Nikola
 39409 | Swamp:3  | Reached skill level 18 in Axes
 39733 | Swamp:4  | Entered Level 4 of the Swamp
 40012 | Swamp:4  | Reached skill level 5 in Dodging
 40157 | Swamp:4  | Gained Orkrul as an ally
 40193 | Swamp:4  | Gained Bladwarg as an ally
 40414 | Swamp:4  | Your ally Bladwarg died
 40468 | Swamp:4  | Reached skill level 15 in Fighting
 40499 | Swamp:4  | Your ally Orkrul died
 40849 | Swamp:4  | Noticed a thorn hunter
 40867 | Swamp:4  | Killed a thorn hunter
 40881 | Swamp:4  | Got a decaying rune of Zot
 41631 | Snake:1  | Entered Level 1 of the Snake Pit
 41711 | Snake:1  | Reached XP level 17. HP: 151/156 MP: 25/25
 42072 | Snake:1  | Gained Bladwarg as an ally
 42077 | Snake:1  | Reached skill level 19 in Axes
 42092 | Snake:1  | Your ally Bladwarg died
 42368 | Snake:1  | Found Vurhas's Antique Armour Shop.
 42900 | Snake:1  | Noticed Aizul
 42911 | Snake:1  | Your ally Bladwarg died
 42916 | Snake:1  | Killed Aizul
 43336 | Snake:1  | Found a shadowy altar of Dithmenos.
 43973 | Snake:2  | Noticed Vashnia
 44028 | Snake:2  | Killed Vashnia
 44612 | Snake:2  | Found Lowy's Antique Weapon Shoppe.
 45069 | Snake:2  | Found a runed translucent door.
 45711 | Snake:2  | Found the amulet of the Four Winds {rN+ MR+++ Clar}
 46173 | Snake:3  | Reached skill level 20 in Axes
 47314 | Snake:3  | Reached XP level 18. HP: 165/166 MP: 19/26
 47471 | Snake:4  | Entered Level 4 of the Snake Pit
 47582 | Snake:4  | Found a transporter.
 47582 | Snake:4  | Found a transporter.
 47583 | Snake:4  | Identified the +11 war axe "Jushriov" {drain, rC- Str+3
                  | Stlth+}
 47585 | Snake:4  | Found a bloodstained altar of Trog.
 47585 | Snake:4  | Noticed nago's ghost (adept VSIE)
 47586 | Snake:4  | Identified the +7 rapier "Xait" {drain, *Noise rElec rC+
                  | MR++}
 48053 | Snake:4  | Your ally Oreg died
 48581 | Snake:4  | Reached skill level 15 in Armour
 48581 | Snake:4  | Reached skill level 15 in Shields
 48870 | Snake:4  | Gained Wardok as an ally
 48893 | Snake:4  | Your ally Ognian died
 49208 | Snake:4  | Found a blossoming altar of Fedhas.
 49646 | Snake:4  | Reached skill level 21 in Axes
 50015 | Snake:4  | Got a serpentine rune of Zot
 50776 | Vaults:1 | Entered Level 1 of the Vaults
 50881 | Vaults:1 | Reached XP level 19. HP: 154/174 MP: 27/27
 51725 | Vaults:1 | Identified the +5 scale mail of the City {rCorr} (You found
                  | it on level 1 of the Vaults)
 52894 | Vaults:1 | Reached skill level 22 in Axes
 52907 | Vaults:1 | Gained Murdo as an ally
 52925 | Vaults:1 | Noticed a tentacled monstrosity
 52944 | Vaults:1 | Your ally Murdo died
 53243 | Vaults:2 | Noticed a lich
 53268 | Vaults:2 | Killed a lich
 53384 | Vaults:2 | Reached skill level 1 in Throwing
 53930 | Vaults:2 | Reached XP level 20. HP: 184/184 MP: 28/28
 54423 | Vaults:2 | Gained Okrist as an ally
 54827 | Vaults:3 | Found a staircase to the Crypt.
 54841 | Vaults:3 | Noticed Jory
 54890 | Vaults:3 | Killed Jory
 55005 | Vaults:3 | Found Xoanaup's Gadget Shoppe.
 55066 | Vaults:3 | Gained Murdo as an ally
 55232 | Vaults:3 | Noticed Donald
 55241 | Vaults:3 | Killed Donald
 55340 | Vaults:3 | Noticed Mennas
 55386 | Vaults:3 | Killed Mennas
 55768 | Vaults:3 | Your ally Murdo died
 56223 | Vaults:3 | Gained Dorog as an ally
 56660 | Vaults:4 | Found a magical portal.
 56678 | WizLab   | Entered Wucad Mu's Monastery
 57232 | Vaults:4 | Noticed Saint Roka
 57244 | Vaults:4 | Killed Saint Roka
 57413 | Vaults:4 | Reached skill level 5 in Throwing
 57445 | Vaults:4 | Gained Agrik as an ally
 57736 | Vaults:4 | Reached XP level 21. HP: 193/193 MP: 29/29
 57929 | Vaults:4 | Reached skill level 23 in Axes
 58136 | Vaults:4 | Reached skill level 10 in Dodging
 58539 | Vaults:4 | Gained Borgoth as an ally
 59212 | Elf:1    | Entered Level 1 of the Elven Halls
 59222 | Elf:1    | Gained Warbeogh as an ally
 59366 | Elf:1    | Identified Makoez's Grimoire of Supportive Damage Dealing
 60156 | Elf:2    | Got a transparent golden ring
 60159 | Elf:2    | Identified the ring "Joxzoch" {rElec rN+ Str-2 Int+2 SInv}
                  | (You found it on level 2 of the Elven Halls)
 60530 | Elf:2    | Found a huge runed translucent gate.
 60530 | Elf:2    | Found a huge runed translucent gate.
 60531 | Elf:2    | Found a huge runed translucent gate.
 60532 | Elf:2    | Found a huge runed translucent gate.
 60535 | Elf:2    | Found a huge runed translucent gate.
 60600 | Elf:3    | Entered Level 3 of the Elven Halls
 60725 | Elf:3    | Identified Roxanne's Volume of Transmutation
 60725 | Elf:3    | Noticed Roxanne
 61000 | Elf:3    | Your ally Wardok died
 61000 | Elf:3    | Gained Ogrik as an ally
 61000 | Elf:3    | Your ally Warbeogh died
 61002 | Elf:3    | Your ally Agrik died
 61003 | Elf:3    | HP: 8/195 [???[a deep elf demonologist] (4)]
 61003 | Elf:3    | Gained Milork as an ally
 61004 | Elf:3    | Killed from afar by a deep elf high priest

Skill      XL: |  1  2  3  4  5  6  7  8  9 10 11 12 13 14 15 16 17 18 19 20 21 |
---------------+----------------------------------------------------------------+-----
Axes           | 3 4 5 6 7 9 11 12 14 15 17 18 20 21 22 23 | 23.3
Fighting       | 4 5 6 8 9 10 12 13 14 15 16 17 18 | 18.4
Armour         | 4 5 6 7 8 9 11 12 13 14 15 16 17 | 17.1
Shields        | 4 5 6 7 8 9 11 12 13 14 15 16 17 18 | 18.1
Spellcasting   | 1 2 4 |  4.0
Hexes          | 2 4 |  4.0
Invocations    | 6 9 10 11 | 11.1
Charms         | 3 4 5 |  5.0
Dodging        | 1 4 5 7 8 9 10 | 10.4
Throwing       | 2 5 6 |  6.7

Action                   |  1- 3 |  4- 6 |  7- 9 | 10-12 | 13-15 | 16-18 | 19-21 || total
-------------------------+-------+-------+-------+-------+-------+-------+-------++-------
Melee: War axe           |   101 |   294 |    49 |       |     5 |       |       ||   449
       Flail             |       |       |   319 |   389 |       |       |       ||   708
       Hand axe          |       |       |       |   450 |   746 |       |       ||  1196
       Broad axe         |       |       |       |       |   638 |  1832 |  1735 ||  4205
Throw: Tomahawk          |     9 |     9 |     7 |    16 |    24 |    32 |    13 ||   110
       Stone             |       |     3 |       |       |       |       |       ||     3
Invok: Convert to Beogh  |       |       |     1 |       |       |       |       ||     1
       Smiting           |       |       |       |     2 |     9 |     3 |     3 ||    17
       Recall Orcish Fol |       |       |       |     1 |     9 |    17 |    11 ||    38
       Give Item to Name |       |       |       |       |     1 |     2 |     6 ||     9
       Resurrection      |       |       |       |       |       |     2 |     2 ||     4
Evoke: Wand              |       |       |     4 |     1 |     7 |       |       ||    12
  Use: Scroll            |     1 |       |    17 |     6 |    14 |     7 |    17 ||    62
       Potion            |       |     2 |     1 |     1 |     6 |     4 |     4 ||    18
 Stab: Confused          |       |       |       |     4 |       |     1 |       ||     5
       Distracted        |       |       |       |     2 |    14 |     5 |    14 ||    35
       Paralysed         |       |       |       |       |     9 |       |       ||     9
  Eat: Chunk             |     3 |     9 |    19 |    17 |    27 |    12 |    35 ||   122
       Ration            |       |       |     3 |     4 |     7 |    12 |       ||    26
Armor: Scale mail        |    52 |    72 |       |       |       |       |       ||   124
       Plate armour      |       |    98 |   184 |   508 |   631 |   727 |   594 ||  2742
       Skin              |       |       |       |       |    16 |       |       ||    16
Dodge: Dodged            |    31 |    71 |    53 |   136 |   249 |   293 |   369 ||  1202
Block: Shield            |    47 |   161 |   176 |   526 |   661 |    58 |       ||  1629
       Large shield      |       |       |       |       |       |  1504 |  1420 ||  2924
